Map: Curious Minds LE

Players

LoveNintendo

  • Race: Terran Terran
  • League: Master
  • Spawn Location: 5:00

Pumba - Winner!

  • Race: Protoss Protoss
  • League: Master
  • Spawn Location: 11:00

VOD

Have the link to the VOD?

Description

Time

  • Played on: March 22, 2022, 7:59 p.m.
  • Length: 8:53
Show
View Real Time Build Order
Export as new Build Order

LoveNintendo Terran 

Build Orders:  

Get SALT Encoding   

  12  0:00  SCV  
  13  0:12  SCV  
  14  0:17  Supply Depot  
  14  0:24  SCV  
  15  0:38  SCV  
  15  0:39  Barracks  
  16  0:44  Refinery  
  16  0:50  SCV  
  17  1:02  SCV  
  18  1:14  SCV  
  19  1:28  Barracks Reactor, Orbital Command  
  19  1:46  Command Center  
  19  1:53  Supply Depot  
  19  1:57  SCV  
  20  2:07  Reaper x2  
  22  2:09  SCV  
  22  2:12  Refinery  
  23  2:21  Barracks  
  23  2:23  SCV  
  24  2:35  Barracks  
  24  2:37  SCV  
  24  2:43  Reaper x2  
  27  2:49  SCV  
  28  2:58  Orbital Command  
  28  3:01  Refinery  
  27  3:18  SCV  
  26  3:29  Reaper x2  
  26  3:33  SCV x2  
  29  3:38  Barracks Reactor  
  29  3:39  Barracks Reactor  
  29  3:44  Supply Depot  
  29  3:45  SCV  
  29  3:47  SCV  
  31  3:57  SCV  
  31  3:59  SCV  
  31  4:01  Supply Depot  
  34  4:02  Reaper  
  34  4:03  Reaper  
  34  4:09  SCV  
  36  4:11  SCV  
  36  4:13  Supply Depot  
  37  4:18  Reaper x3  
  37  4:21  Reaper, SCV  
  37  4:23  SCV  
  43  4:26  Supply Depot  
  43  4:33  SCV  
  43  4:35  Reaper x2, SCV  
  47  4:46  SCV  
  47  4:47  SCV  
  49  4:54  Command Center  
  49  4:56  Factory  
  49  5:03  Reaper x3  
  49  5:04  Reaper  
  53  5:07  Reaper  
  54  5:14  SCV x2  
  54  5:16  Reaper  
  54  5:20  Engineering Bay  
  57  5:23  Engineering Bay  
  57  5:26  SCV  
  57  5:28  SCV  
  59  5:35  Refinery  
  59  5:38  SCV  
  59  5:40  SCV, Reaper x4  
  59  5:41  Reaper  
  64  5:50  SCV  
  64  5:52  SCV  
  64  5:53  Terran Infantry Weapons Level 1  
  66  6:02  SCV  
  66  6:03  Terran Infantry Armor Level 1  
  68  6:04  SCV  
  68  6:09  Reaper  
  60  6:11  SCV  
  60  6:14  SCV  
  58  6:23  SCV  
  59  6:30  SCV  
  59  6:31  Reaper  
  59  6:32  Reaper x2  
  63  6:35  Supply Depot, Barracks  
  63  6:36  SCV, Barracks  
  63  6:37  Orbital Command  
  61  6:51  Reaper x2  
  57  6:57  Reaper  
  57  7:00  SCV x2  
  58  7:04  Reaper x2  
  58  7:08  Reaper  
  61  7:12  SCV  
  62  7:20  SCV x2  
  64  7:23  Reaper x2  
  64  7:24  Barracks Reactor, Supply Depot  
  64  7:25  SCV, Barracks Tech Lab  
  64  7:29  Reaper  
  68  7:32  SCV  
  68  7:36  Reaper  
  70  7:37  Armory  
  69  7:47  Reaper x2  
  68  8:06  Reaper x4  
  70  8:16  Reaper x2  
  70  8:19  Orbital Command  
  71  8:22  SCV  
  71  8:23  SCV  
  75  8:35  SCV x2  
  75  8:38  Supply Depot x2  
  75  8:39  Supply Depot x2  
  74  8:43  Command Center  
Show
View Real Time Build Order
Export as new Build Order

Pumba Protoss - Winner!

Build Orders: 1 Gate Expand, Blink Stalkers 

Get SALT Encoding   

  12  0:00  Probe  
  13  0:12  Probe  
  14  0:17  Pylon  
  14  0:25  Probe  
  15  0:37  Probe (Chrono Boost)  
  15  0:40  Gateway  
  16  0:47  Assimilator  
  16  0:48  Probe (Chrono Boost)  
  17  0:52  Probe (Chrono Boost)  
  18  1:03  Probe  
  19  1:15  Probe  
  20  1:22  Nexus  
  20  1:35  Cybernetics Core  
  20  1:40  Probe  
  20  1:43  Assimilator  
  20  1:52  Probe  
  20  1:54  Pylon  
  21  2:04  Probe  
  22  2:09  Adept (Chrono Boost)  
  22  2:13  Warp Gate  
  24  2:19  Probe  
  24  2:21  Twilight Council  
  25  2:31  Probe (Chrono Boost)  
  25  2:32  Stalker  
  25  2:35  Probe (Chrono Boost)  
  29  2:43  Probe (Chrono Boost)  
  31  2:45  Probe (Chrono Boost)  
  31  2:47  Probe (Chrono Boost)  
  31  2:50  Probe (Chrono Boost)  
  32  2:57  Probe  
  34  3:02  Probe  
  35  3:07  Stalker  
  35  3:10  Probe (Chrono Boost)  
  36  3:14  Probe (Chrono Boost)  
  37  3:23  Pylon  
  37  3:26  Probe (Chrono Boost)  
  39  3:27  Probe (Chrono Boost)  
  39  3:31  Probe (Chrono Boost)  
  39  3:32  Blink (Chrono Boost)  
  39  3:34  Probe (Chrono Boost)  
  39  3:44  Gateway, Probe  
  39  3:45  Gateway, Probe  
  41  3:52  Forge  
  41  3:56  Probe  
  41  4:01  Stalker  
  44  4:04  Probe  
  45  4:12  Probe  
  45  4:14  Pylon  
  45  4:16  Probe  
  47  4:21  Nexus  
  47  4:25  Probe, Pylon  
  47  4:28  Probe  
  49  4:34  Stalker  
  49  4:38  Protoss Ground Weapons Level 1 (Chrono Boost), Probe  
  51  4:43  Stalker x2  
  55  4:50  Probe  
  56  4:57  Stalker  
  58  5:04  Probe  
  58  5:05  Probe  
  60  5:11  Stalker x2  
  64  5:16  Probe  
  64  5:17  Charge (Chrono Boost), Probe  
  66  5:24  Pylon  
  66  5:28  Probe  
  66  5:29  Probe, Stalker  
  66  5:34  Gateway  
  66  5:35  Gateway  
  70  5:36  Gateway  
  70  5:40  Stalker x2  
  74  5:43  Probe x3  
  77  5:50  Gateway  
  77  5:54  Gateway  
  77  5:55  Probe  
  77  5:56  Probe x2  
  80  6:11  Stalker x3  
  74  6:30  Stalker x3  
  78  6:36  Protoss Ground Armor Level 1 (Chrono Boost)  
  78  6:37  Pylon  
  78  6:38  Shield Battery  
  78  6:40  Stalker  
  68  6:47  Probe  
  68  6:50  Stalker  
  67  6:57  Stalker  
  69  7:06  Probe x3  
  69  7:07  Nexus  
  72  7:09  Pylon  
  72  7:16  Stalker x2  
  72  7:17  Zealot x5  
  72  7:18  Probe x2  
  88  7:34  Stalker  
  90  7:41  Shield Battery  
  90  7:43  Pylon  
  90  7:46  Stalker x2  
  94  7:54  Zealot x4  
  94  7:55  Zealot  
  104  8:00  Zealot  
  106  8:07  Probe x3 (Chrono Boost)  
  105  8:17  Probe x3 (Chrono Boost)  
  109  8:20  Zealot x2  
  109  8:21  Zealot x6, Probe (Chrono Boost)  
  109  8:22  Probe x2 (Chrono Boost)  
  109  8:23  Probe (Chrono Boost)  
  109  8:24  Shield Battery  
  128  8:31  Probe, Pylon  
  129  8:37  Shield Battery  
  125  8:48  Zealot x3  
Tags
 
Add a new tag
Caveats
  • Supply blocks, unpowered buildings, or Contaminate may cause inaccurate times.
  • Supply counts are checked every 10 seconds.